 Dungeon Crawl Stone Soup version 0.25-a0-425-g0e000e855e (console) character file.

Game seed: 5140072604355036209, levelgen mode: deterministic

217 Asser the Chiller (level 5, 0/28 HPs)
             Began as a Deep Elf Ice Elementalist on Jan 24, 2020.
             Succumbed to a scorpion's poison
             ... on level 4 of the Dungeon.
             The game lasted 00:08:56 (1594 turns).

Asser the Chiller (Deep Elf Ice Elementalist)       Turns: 1594, Time: 00:08:56

Health: 0/28       AC:  3    Str:  5    XL:     5   Next: 61%
Magic:  9/14       EV: 13    Int: 21    God:
Gold:   88         SH:  0    Dex: 15    Spells: 13/14 levels left

rFire    . . .     SeeInvis .   (no weapon)
rCold    . . .     Gourm    .   (no shield)
rNeg     . . .     Faith    .   a - +0 robe
rPois    .         Spirit   .   (no helmet)
rElec    .         Reflect  .   (no cloak)
rCorr    .         Harm     .   b - +0 pair of gloves
MR       .....                  (no boots)
Stlth    ++........             (no amulet)
HPRegen  0.09/turn              (no ring)
MPRegen  0.14/turn              (no ring)

@: lethally poisoned (0 -> -7)
A: no striking features
a: no special abilities


You were on level 4 of the Dungeon.
You were not hungry.

You visited 1 branch of the dungeon, and saw 4 of its levels.

You collected 88 gold pieces.

Inventory:

Armour
 a - a +0 robe (worn)
 b - a +0 pair of gloves (worn)
Scrolls
 e - 2 scrolls of identify
 f - a scroll of fear
 g - a scroll of fog {unknown}
 j - a scroll of noise {unknown}
 k - a scroll of magic mapping {unknown}
 l - a scroll of remove curse {unknown}
Potions
 d - a potion of heal wounds {unknown}
 h - a potion of lignification {unknown}
 i - a potion of degeneration {unknown}
Comestibles
 c - 5 rations


   Skills:
 + Level 2.6 Dodging
 + Level 2.6 Stealth
 + Level 5.0 Spellcasting
 + Level 6.6 Ice Magic


You had 13 spell levels left.
You knew the following spells:

 Your Spells              Type           Power        Failure   Level  Hunger
a - Freeze                Ice            ####         1%          1    None

Your spell library contained the following spells:

 Spells                   Type           Power        Failure   Level  Hunger
 Ozocubu's Armour         Chrm/Ice       ###.....     9%          3    ##.....
 Hailstorm                Conj/Ice       ###.....     26%         4    ####...
 Summon Ice Beast         Ice/Summ       ###.....     26%         4    ####...


Dungeon Overview and Level Annotations

Branches:
Dungeon (4/15)
 Temple: D:4-7

Altars:


Message History

Confirm with . or Enter, or press ? or * to list all spells.
Aiming: Freeze (safe; 1% risk of failure)
Press: ? - help, Shift-Dir - straight line, f/p - scorpion
Aim: a scorpion (almost dead)
You freeze the scorpion.
You kill the scorpion!
Your Spellcasting skill increases to level 5!
You feel sick.
You hear some strange, mumbled words.
Something tries to affect you, but you resist.
You feel sick.
You hear some strange, mumbled words.
A puff of flame appears from out of thin air!
The puff of flame hits you!
* * * LOW HITPOINT WARNING * * *
The orc wizard shouts!
As you read the scroll labeled XYIBRIMAXT, it crumbles to dust.
It is a scroll of identify.
f - a scroll of fear You die...

......).#
oo......#
#.......# ####
#.......#
#...##.......#
#.........^..#
.............#
#.......#
#######'######
#...##o......#
#..@..†......#
#............#
#...<........#
##############


You could see an orc wizard.

Vanquished Creatures
  A scorpion (D:4)
  A crimson imp (D:3)
  A hound (D:4)
  A worker ant (D:4)
  3 adders
  An ooze (D:3)
  2 worms
  A dart slug (D:2)
  2 leopard geckos
  3 giant cockroaches
  7 goblins
  6 hobgoblins
  3 bats
  3 frilled lizards
  7 kobolds
  5 rats
47 creatures vanquished.

Notes
Turn   | Place    | Note
-------+----------+-------------------------------------------
     0 | D:1      | Asser the Deep Elf Ice Elementalist began the quest for the
                  | Orb.
     0 | D:1      | Reached XP level 1. HP: 10/10 MP: 6/6
   133 | D:1      | Reached XP level 2. HP: 8/15 MP: 2/8
   355 | D:1      | Reached skill level 5 in Ice Magic
   595 | D:2      | Reached XP level 3. HP: 17/19 MP: 3/10
  1015 | D:3      | Reached XP level 4. HP: 19/24 MP: 6/12
  1568 | D:4      | Reached skill level 6 in Ice Magic
  1568 | D:4      | Reached XP level 5. HP: 22/28 MP: 11/14
  1591 | D:4      | Reached skill level 5 in Spellcasting
  1593 | D:4      | HP: 1/28 [something/puff of flame (13)]
  1594 | D:4      | Succumbed to a scorpion's poison

Levels and vault maps discovered:
D:1:      nzn_arrival_water_spiral, layout_basic
D:2:      layout_basic, lemuel_coloured_pillars_altar
D:3:      layout_basic, uniq_crazy_yiuf_cottage
D:4:      layout_gridville, nicolae_overflow_crystal_walls, uniq_duvessa

Skill      XL: |  1  2  3  4  5 |
---------------+----------------+-----
Ice Magic      | 5 6 |  6.6
Spellcasting   | 4 5 |  5.0
Dodging        | |  2.6
Stealth        | |  2.6

Action                   |  1- 3 |  4- 6 || total
-------------------------+-------+-------++-------
Melee: Unarmed           |     4 |       ||     4
 Cast: Freeze            |    56 |    25 ||    81
  Use: Scroll            |       |     1 ||     1
  Eat: Ration            |       |     1 ||     1
Armor: Robe              |    10 |       ||    10
Dodge: Dodged            |    30 |    12 ||    42

Table legend:
 A = Non-vault XP
 B = Vault XP
 C = Vault XP percentage of total XP
 D = Non-vault monster count
 E = Vault monster count
 F = Vault count percentage of total count
                 A         B        C        D         E       F
            +---------+---------+-------+---------+---------+-------
      Total |     310 |       0 |   0.0 |      47 |       0 |   0.0
            +---------+---------+-------+---------+---------+-------
        D:1 |      26 |       0 |   0.0 |      17 |       0 |   0.0
        D:2 |      48 |       0 |   0.0 |      17 |       0 |   0.0
        D:3 |      95 |       0 |   0.0 |      10 |       0 |   0.0
        D:4 |     141 |       0 |   0.0 |       3 |       0 |   0.0
            +---------+---------+-------+---------+---------+-------
